 Dungeon Crawl Stone Soup version 0.30.0-11-gf55b779eaf (webtiles) character file.

Game seed: 13189250651533512318

1954 AlmostDecent the Magician (level 9, -22/65 HPs)
             Began as a Gnoll Earth Elementalist on May 16, 2023.
             Was an Initiate of Vehumet.
             Annihilated by a white ugly thing (34 damage)
             ... on level 7 of the Dungeon.
             The game lasted 00:20:16 (5412 turns).

AlmostDecent the Magician (GnEE)                    Turns: 5412, Time: 00:20:18

Health: -22/65     AC:  4    Str:  8    XL:     9   Next: 19%
Magic:  3/18       EV: 14    Int: 18    God:    Vehumet [......]
Gold:   261        SH:  0    Dex: 13    Spells: 13/21 levels left

rFire   . . .        r - +1 dagger (protect)
rCold   . . .        (no shield)
rNeg    . . .        a - +0 robe
rPois   .            A - +0 helmet
rElec   .            v - +0 cloak {Stlth+}
rCorr   .            (no gloves)
SInv    .            (no boots)
Will    .....        (no amulet)
Stlth   ++++         (no ring)
HPRegen 0.30/turn    (no ring)
MPRegen 0.16/turn

%: no passive effects
@: no status effects
A: fangs 1, strong nose, distributed training
a: Renounce Religion


You were on level 7 of the Dungeon.
You worshipped Vehumet.
Vehumet was noncommittal.
You visited 2 branches of the dungeon, and saw 8 of its levels.

You collected 315 gold pieces.
You spent 54 gold pieces at shops.

Inventory:

Hand Weapons
 f - a +0 rapier
 r - a +1 dagger of protection (weapon)
 E - a +2 broad axe of flaming
Missiles
 i - 2 throwing nets
Armour
 a - a +0 robe (worn)
 o - a +3 scale mail of poison resistance
 v - a +0 cloak of stealth (worn)
 A - a +0 helmet (worn)
Wands
 y - a wand of iceblast (11)
Scrolls
 e - a scroll of amnesia
 j - 2 scrolls of fear
 m - 5 scrolls of teleportation
 s - a scroll of immolation
 u - a scroll of summoning
Potions
 b - 4 potions of magic
 g - 3 potions of lignification
 k - 2 potions of might
 n - a potion of haste {unknown}
 p - a potion of ambrosia {unknown}
 q - a potion of attraction {unknown}
 w - a potion of curing {unknown}
 x - a potion of heal wounds {unknown}
 C - a potion of cancellation {unknown}
 G - a potion of resistance {unknown}


   Skills:
 + Level 4.1 Fighting
 + Level 4.1 Short Blades
 + Level 4.1 Long Blades
 + Level 4.1 Axes
 + Level 4.1 Maces & Flails
 + Level 4.1 Polearms
 + Level 4.1 Staves
 + Level 4.1 Ranged Weapons
 + Level 4.1 Throwing
 + Level 4.1 Armour
 + Level 6.2 Dodging
 + Level 6.0 Stealth
 + Level 4.1 Shields
 + Level 4.1 Unarmed Combat
 + Level 6.6 Spellcasting
 + Level 3.4 Conjurations
 + Level 3.4 Hexes
 + Level 3.4 Summonings
 + Level 3.4 Necromancy
 + Level 3.4 Translocations
 + Level 4.1 Transmutations
 + Level 3.4 Fire Magic
 + Level 3.4 Ice Magic
 + Level 3.4 Air Magic
 + Level 6.5 Earth Magic
 + Level 3.4 Poison Magic
 + Level 4.5 Invocations
 + Level 4.1 Evocations


You had 13 spell levels left.
You knew the following spells:

 Your Spells              Type           Power      Damage    Failure   Level
a - Sandblast             Erth           58%        2d13      1%          1
b - Stone Arrow           Conj/Erth      46%        3d9       4%          3
c - Sublimation of Blood  Necr           18%        N/A       4%          2
d - Blink                 Tloc           36%        N/A       4%          2

Your spell library contained the following spells:

 Spells                   Type           Power      Damage    Failure   Level
 Passwall                 Tmut/Erth      20%        N/A       1%          2
 Sting                    Tmut/Pois      76%        1d6       2%          1
 Wereblood                Tmut           20%        N/A       3%          2
 Cigotuvi's Dreadful Rot  Necr/Pois/Air  36%        N/A       4%          2
 Lesser Beckoning         Tloc           36%        N/A       4%          2
 Momentum Strike          Conj/Tloc      36%        3d9       4%          2
 Petrify                  Tmut/Erth      25%        N/A       13%         4
 Dispel Undead            Necr           18%        3d11      28%         4
 Death Channel            Necr           9%         N/A       99%         6
 Summon Hydra             Summ           9%         N/A       100%        7


Dungeon Overview and Level Annotations

Branches:
Dungeon (7/15)             Temple (1/1) D:6

Altars:
Fedhas
Gozag
Kikubaaqudgha
Makhleb
Nemelex Xobeh
Ru
Sif Muna
Uskayaw
Vehumet
Wu Jian
Xom
Yredelemnul
Zin
The Shining One

Shops:
D:2 *   D:7 (


Innate Abilities, Weirdness & Mutations

You have very sharp teeth.
Your uncanny sense of smell can sniff out nearby items.
Your experience applies equally to all skills.


Message History

You hear a shout!
An ice beast comes into view.
The basilisk bites you but does no damage.
Press: ? - help, v - describe, . - travel The floor.
There are monsters nearby!
Casting: Stone Arrow (dangerous; 4% risk of failure)
Confirm with . or Enter, or press ? or * to list all spells.
Aiming: Stone Arrow (dangerous; 4% risk of failure)
Press: ? - help, Shift-Dir - straight line, f - basilisk
Aim: a basilisk (almost dead, 64% to hit)
The stone arrow hits the basilisk!
You kill the basilisk!
Vehumet accepts your kill.
An orc comes into view. It is wielding a +0 war axe.
The white imp gestures at you. The puff of frost misses you.
Your Stealth skill increases to level 6!
Casting: Stone Arrow (dangerous; 4% risk of failure)
Confirm with . or Enter, or press ? or * to list all spells.
Aiming: Stone Arrow (dangerous; 4% risk of failure)
Press: ? - help, Shift-Dir - straight line, f - white ugly thing
Aim: a white ugly thing (moderately wounded, 71% to hit)
The stone arrow misses the white ugly thing.
Casting: Stone Arrow (dangerous; 4% risk of failure)
Confirm with . or Enter, or press ? or * to list all spells.
Aiming: Stone Arrow (dangerous; 4% risk of failure)
Press: ? - help, Shift-Dir - straight line, f/p - white ugly thing
Aim: a white ugly thing (moderately wounded, 71% to hit)
The stone arrow hits the white ugly thing!
The white ugly thing is heavily wounded.
The blast of sand hits the white ugly thing!
The white ugly thing is heavily wounded.
The white ugly thing gores you. The white ugly thing freezes you!!
* * * LOW HITPOINT WARNING * * *
The white ugly thing gores you!
* * * LOW HITPOINT WARNING * * *
The white ugly thing freezes you!!
Ouch! That really hurt!
You die...

#. #. #. #.. #. #.#
####### #. ###[# #..
#.....# #. o#.# #...
#.....######. 5Y###..#.
#.........##.#u..#....
#.....###.##.@###...#
#.....# #.##........#
###.#####.##........##.
#.#......###.........
#.#...#..####........
#.#...#..####.....(..
#...<....#∩'.........
#........####........
#........###.........


You could see a white ugly thing, an ice beast, a white imp and an orc.

Vanquished Creatures
  Pikel (D:6)
  Grinder (D:5)
  A basilisk (D:7)
  Eustachio (D:5)
  A black bear (D:6)
  2 ogres
  A lemure (D:6)
  2 scorpions (D:4)
  3 wights (D:4)
  A howler monkey (D:5)
  3 hounds (D:4)
  A jelly (D:5)
  An orc wizard (D:3)
  Terence (D:2)
  A sleepcap (D:5)
  An iguana (D:6)
  9 adders
  A white imp (D:5)
  4 worms
  3 dart slugs
  13 orcs
  4 endoplasms
  2 giant cockroaches
  9 hobgoblins
  9 jackals
  7 kobolds
  3 quokkas
  11 ball pythons
  5 bats
  5 frilled lizards
  6 goblins
  6 rats
119 creatures vanquished.

Vanquished Creatures (others)
  2 orcs (D:5)
2 creatures vanquished.

Grand Total: 121 creatures vanquished

Notes
Turn   | Place    | Note
-------+----------+-------------------------------------------
     0 | D:1      | AlmostDecent the Gnoll Earth Elementalist began the quest
                  | for the Orb.
     0 | D:1      | Reached XP level 1. HP: 13/13 MP: 6/6
   239 | D:1      | Reached XP level 2. HP: 19/19 MP: 5/7
   654 | D:2      | Reached skill level 5 in Spellcasting
   654 | D:2      | Reached XP level 3. HP: 25/25 MP: 5/9
   734 | D:2      | Reached skill level 1 in Invocations
   816 | D:2      | Reached skill level 1 in Fighting
   816 | D:2      | Reached skill level 1 in Short Blades
   816 | D:2      | Reached skill level 1 in Long Blades
   816 | D:2      | Reached skill level 1 in Axes
   816 | D:2      | Reached skill level 1 in Maces & Flails
   816 | D:2      | Reached skill level 1 in Polearms
   816 | D:2      | Reached skill level 1 in Staves
   816 | D:2      | Reached skill level 1 in Ranged Weapons
   816 | D:2      | Reached skill level 1 in Throwing
   816 | D:2      | Reached skill level 1 in Armour
   816 | D:2      | Reached skill level 1 in Shields
   816 | D:2      | Reached skill level 1 in Unarmed Combat
   816 | D:2      | Reached skill level 1 in Evocations
   859 | D:2      | Reached XP level 4. HP: 32/32 MP: 6/11
  1110 | D:2      | Found Wuludoda's Assorted Antiques.
  1119 | D:2      | Bought a scroll labelled JOEMENN CYCUTT for 27 gold pieces
  1119 | D:2      | Bought a scroll labelled BUUZIBR SONO for 27 gold pieces
  1150 | D:2      | Reached skill level 1 in Conjurations
  1150 | D:2      | Reached skill level 1 in Hexes
  1150 | D:2      | Reached skill level 1 in Summonings
  1150 | D:2      | Reached skill level 1 in Necromancy
  1150 | D:2      | Reached skill level 1 in Translocations
  1150 | D:2      | Reached skill level 1 in Fire Magic
  1150 | D:2      | Reached skill level 1 in Ice Magic
  1150 | D:2      | Reached skill level 1 in Air Magic
  1150 | D:2      | Reached skill level 1 in Poison Magic
  1226 | D:2      | Noticed Terence
  1231 | D:2      | Learned a level 3 spell: Stone Arrow
  1238 | D:2      | Killed Terence
  1386 | D:2      | Found a faded altar of an unknown god.
  1388 | D:2      | Reached XP level 5. HP: 37/37 MP: 10/12
  1447 | D:2      | Got Plato's Lessons on the Bane
  1563 | D:2      | Learned a level 2 spell: Sublimation of Blood
  1761 | D:3      | You fall into a shaft and drop 1 floor!
  2216 | D:3      | Noticed a +0 hand axe
  2216 | D:3      | Noticed a +0 dagger
  2256 | D:3      | Found a hide-covered altar of Uskayaw.
  2655 | D:4      | Reached skill level 5 in Dodging
  2655 | D:4      | Reached XP level 6. HP: 44/44 MP: 9/14
  2683 | D:4      | Found a sparkling altar of Nemelex Xobeh.
  2829 | D:4      | Reached XP level 7. HP: 50/50 MP: 9/15
  3114 | D:4      | Reached skill level 5 in Stealth
  3530 | D:5      | Entered Level 5 of the Dungeon
  3530 | D:5      | Noticed Grinder
  3531 | D:5      | Paralysed by Grinder for 3 turns
  3538 | D:5      | Killed Grinder
  3539 | D:5      | Reached XP level 8. HP: 47/58 MP: 2/16
  3851 | D:5      | Noticed Eustachio
  3859 | D:5      | Killed Eustachio
  4323 | D:6      | Found a staircase to the Ecumenical Temple.
  4333 | Temple   | Entered the Ecumenical Temple
  4338 | Temple   | Became a worshipper of Vehumet
  4872 | D:6      | Noticed Pikel
  4882 | D:6      | Killed Pikel
  4883 | D:6      | Reached XP level 9. HP: 10/65 MP: 2/18
  5169 | D:6      | Learned a level 2 spell: Blink
  5279 | D:6      | Found an opulent altar of Gozag.
  5354 | D:7      | Found Agaq's Weapon Emporium.
  5405 | D:7      | Noticed a white ugly thing
  5412 | D:7      | Annihilated by a white ugly thing

Illustrated notes

Levels and vault maps discovered:
D:1:      wander_arrival_desolate, layout_rooms, glass_columns_a
D:2:      layout_basic, serial_shops, nicolae_shop_stone,
          shapermc_ecumenical_altar_rom_forum, guppyfry_early_orc_mine,
          uniq_terence
D:3:      layout_basic, dancing_weapons_uskayaw
D:4:      layout_basic, nemelex_diamond_rough_becter
D:5:      layout_cave_pools, uniq_eustachio, uniq_grinder
D:6:      layout_basic, nicolae_gozag_cash_rules_everything_around_me,
          minmay_temple_entry_wispy, uniq_pikel
D:7:      layout_loops_corners, serial_shops, nicolae_shop_bloodbath_and_beyond,
          nicolae_shop_window_shopping, shop, shop,
          nicolae_shop_back_alley_shop, minmay_manual_mail
Temple:   minmay_freezing_vapour_temple

Skill      XL: |  1  2  3  4  5  6  7  8  9 |
---------------+----------------------------+-----
Transmutations | 2 3 4 |  4.1
Spellcasting   | 5 6 |  6.6
Invocations    | 1 2 3 4 |  4.5
Fighting       | 1 2 3 4 |  4.1
Short Blades   | 1 2 3 4 |  4.1
Long Blades    | 1 2 3 4 |  4.1
Axes           | 1 2 3 4 |  4.1
Maces & Flails | 1 2 3 4 |  4.1
Polearms       | 1 2 3 4 |  4.1
Staves         | 1 2 3 4 |  4.1
Ranged Weapons | 1 2 3 4 |  4.1
Throwing       | 1 2 3 4 |  4.1
Armour         | 1 2 3 4 |  4.1
Shields        | 1 2 3 4 |  4.1
Unarmed Combat | 1 2 3 4 |  4.1
Evocations     | 1 2 3 4 |  4.1
Conjurations   | 1 2 3 |  3.4
Hexes          | 1 2 3 |  3.4
Summonings     | 1 2 3 |  3.4
Necromancy     | 1 2 3 |  3.4
Translocations | 1 2 3 |  3.4
Fire Magic     | 1 2 3 |  3.4
Ice Magic      | 1 2 3 |  3.4
Air Magic      | 1 2 3 |  3.4
Poison Magic   | 1 2 3 |  3.4
Dodging        | 5 6 |  6.2
Stealth        | 5 6 |  6.0
Earth Magic    | 6 |  6.5

Action                     |  1- 3 |  4- 6 |  7- 9 || total
---------------------------+-------+-------+-------++-------
   Cast: Sandblast         |    41 |   101 |    63 ||   205
         Stone Arrow       |       |     2 |    18 ||    20
    Use: Scroll            |       |       |    14 ||    14
 Armour: Robe              |     1 |     7 |     8 ||    16
  Dodge: Dodged            |     3 |    36 |    22 ||    61
